 Dungeon Crawl Stone Soup version 0.25.0 (webtiles) character file.

Game seed: 7768057904504238774

165 grindst0ne the Skirmisher (level 5, -12/34 HPs)
             Began as a Gargoyle Fighter on June 12, 2020.
             Splashed by Ijyb's acid (19 damage)
             ... on level 3 of the Dungeon.
             The game lasted 00:03:50 (2295 turns).

grindst0ne the Skirmisher (Gargoyle Fighter)        Turns: 2295, Time: 00:03:50

Health: -12/34     AC: 12    Str: 20    XL:     5   Next: 46%
Magic:  5/5        EV:  7    Int:  9    God:
Gold:   116        SH:  9    Dex:  9    Spells: 4/4 levels left

rFire    . . .     SeeInvis .   u - +2 dagger (venom)
rCold    + . .     Gourm    .   c - +0 kite shield
rNeg     + . .     Faith    .   b - +0 scale mail
rPois    ∞         Spirit   .   (no helmet)
rElec    +         Reflect  .   w - +0 cloak
rCorr    .         Harm     .   (no gloves)
MR       .....                  (no boots)
Stlth    ..........             (no amulet)
HPRegen  0.11/turn              j - ring of protection from cold (curse)
MPRegen  0.09/turn              (no ring)

@: no status effects
A: negative energy resistance 1, electricity resistance, unbreathing,
petrification resistance, rot immunity, AC +4
a: no special abilities


You were on level 3 of the Dungeon.
You were not hungry.

You visited 1 branch of the dungeon, and saw 3 of its levels.

You collected 116 gold pieces.

Inventory:

Hand Weapons
 a - a +0 war axe
 u - a +2 dagger of venom (weapon)
Missiles
 y - 7 poisoned darts (quivered)
Armour
 b - a +0 scale mail (worn)
 c - a +0 kite shield (worn)
 p - a +0 chain mail
 w - a +0 cloak (worn)
Jewellery
 j - a cursed ring of protection from cold (left hand)
 v - an uncursed ring of fire {unknown}
Scrolls
 e - a scroll of blinking {unknown}
 g - 3 scrolls of remove curse {unknown}
 h - a scroll of immolation {unknown}
 k - a scroll of fog {unknown}
 n - 3 scrolls of identify {unknown}
 s - 2 scrolls of teleportation {unknown}
 t - a scroll of enchant weapon {unknown}
 z - a scroll of fear {unknown}
Potions
 d - a potion of might
 i - a potion of cancellation {unknown}
 l - a potion of flight {unknown}
 m - 2 potions of heal wounds {unknown}
 o - a potion of lignification {unknown}
 q - a potion of curing {unknown}
 r - a potion of stabbing {unknown}
Comestibles
 f - 6 rations
 x - 8 chunks of flesh


   Skills:
 + Level 4.3 Fighting
 + Level 3.2 Axes
 + Level 3.7 Armour
 - Level 0.6 Dodging
 + Level 4.2 Shields


You had 4 spell levels left.
You didn't know any spells.
Your spell library was empty.

Dungeon Overview and Level Annotations

Branches:
Dungeon (3/15)

Altars:
Cheibriados

Annotations:
D:3 Ijyb


Innate Abilities, Weirdness & Mutations

You are resistant to torment.
Your stone body is resilient. (AC +4)
You are immune to poison.
You resist negative energy. (rN+)
You are resistant to electric shocks. (rElec)
You can survive without breathing.
You are immune to petrification.
You are immune to rotting.


Message History

You hit the orc priest.
The orc priest looks as sick as possible!
The orc priest is almost dead.
You kill the orc priest!
You closely miss the orc. The orc barely misses you.
Ijyb the Twisted Goblin comes into view.
She is wielding a +4 club and carrying a wand of acid (5).
You hit the orc.
The orc is lightly wounded.
The orc hits you but does no damage.
You hit the orc but do no damage. The orc hits you but does no damage.
You hit the orc but do no damage.
The orc is poisoned.
The orc hits you but does no damage.
Ijyb zaps a wand.
The bolt of acid hits the orc!!
The orc is splashed with acid.
The acid corrodes the orc!
The orc dies!
The bolt of acid hits you!
* * * LOW HITPOINT WARNING * * *
You are splashed with acid!!
Ouch! That really hurt!
You die...

##########
........!######
###.#######.........#
.........##.#@####.#
...........#[####. .
##.#####....)....oo
..##...###...)...####g
........##.####.g#
.###....##.# #..#
..#.#>...####....
#.#............###
#.#.############


You could see Ijyb.

Vanquished Creatures
  An orc priest (D:3)
  Crazy Yiuf (D:2)
  2 adders
  An ooze (D:1)
  A worm (D:2)
  4 dart slugs
  3 leopard geckos
  An orc (D:3)
  5 giant cockroaches
  8 goblins
  2 hobgoblins (D:1)
  9 jackals
  3 quokkas
  2 ball pythons (D:2)
  7 bats
  5 frilled lizards
  8 kobolds
  9 rats
72 creatures vanquished.

Vanquished Creatures (others)
  An orc (D:3)
1 creature vanquished.

Grand Total: 73 creatures vanquished

Notes
Turn   | Place    | Note
-------+----------+-------------------------------------------
     0 | D:1      | grindst0ne the Gargoyle Fighter began the quest for the
                  | Orb.
     0 | D:1      | Reached XP level 1. HP: 14/14 MP: 1/1
   128 | D:1      | Reached XP level 2. HP: 14/19 MP: 2/2
   556 | D:1      | Reached XP level 3. HP: 24/24 MP: 3/3
  1033 | D:2      | Reached XP level 4. HP: 29/29 MP: 4/4
  1464 | D:2      | Found a runed translucent door.
  1465 | D:2      | Noticed Crazy Yiuf
  1872 | D:2      | Killed Crazy Yiuf
  2153 | D:3      | Reached XP level 5. HP: 33/33 MP: 5/5
  2160 | D:3      | Found a snail-covered altar of Cheibriados.
  2292 | D:3      | Noticed Ijyb
  2295 | D:3      | Splashed by Ijyb's acid

Illustrated notes

Levels and vault maps discovered:
D:1:      minmay_arrival_loop, layout_loops_ring
D:2:      layout_loops_cross, first_ration, minmay_tree_intersection,
          uniq_crazy_yiuf_cottage
D:3:      layout_loops_ring, kennysheep_slug_shrine, uniq_ijyb

Skill      XL: |  1  2  3  4 |
---------------+-------------+-----
Axes           | 2 3 |  3.2
Fighting       | 4 |  4.3
Shields        | 4 |  4.2
Armour         | |  3.7
Dodging        | |  0.6

Action                   |  1- 3 |  4- 6 || total
-------------------------+-------+-------++-------
Melee: War axe           |   108 |    56 ||   164
       Dagger            |       |    60 ||    60
       Unarmed           |       |     4 ||     4
  Use: Potion            |       |     1 ||     1
  Eat: Chunk             |     1 |     4 ||     5
Armor: Scale mail        |    77 |    67 ||   144
Dodge: Dodged            |    47 |    38 ||    85
Block: Kite shield       |    69 |    52 ||   121
